 Dungeon Crawl Stone Soup version 0.20-a0-650-gd54866b (webtiles) character file.

77 Laan the Sneak (level 4, -4/21 HPs)
             Began as a Spriggan Enchanter on Feb 16, 2017.
             Slain by a worm (8 damage)
             ... on level 2 of the Dungeon.
             The game lasted 00:05:01 (1982 turns).

Laan the Sneak (Spriggan Enchanter)                 Turns: 1982, Time: 00:05:01

Health: -4/21      AC:  2    Str:  5    XL:     4   Next: 14%
Magic:  1/10       EV: 19    Int: 16    God:
Gold:   67         SH:  0    Dex: 16    Spells: 6/9 levels left

rFire    . . .     SeeInvis +   a - +1 dagger
rCold    . . .     Gourm    .   b - +0 robe
rNeg     . . .     Faith    .   (shield restricted)
rPois    .         Spirit   .   (helmet restricted)
rElec    .         Reflect  .   (no cloak)
rCorr    .         Harm     .   (gloves unavailable)
MR       .....                  (boots unavailable)
Stlth    +++.......             (no amulet)
Regen    0.1/turn               (no ring)
MPRegen  0.2/turn               (no ring)

@: very quick
A: unfitting armour, see invisible, herbivore 3, speed 3, slow metabolism 2
a: no special abilities


You were on level 2 of the Dungeon.
You were hungry.

You visited 1 branch of the dungeon, and saw 2 of its levels.

You collected 67 gold pieces.

Inventory:

Hand Weapons
 a - a +1 dagger (weapon)
Armour
 b - a +0 robe (worn)
Jewellery
 h - a cursed ring of teleportation {unknown}
Scrolls
 e - 5 scrolls of identify {unknown}
 f - a scroll of immolation {unknown}
 k - 2 scrolls of teleportation {unknown}
 l - 2 scrolls of fear {unknown}
 n - a scroll of enchant armour {unknown}
Potions
 g - 2 potions of mutation {unknown}
 i - 2 potions of agility {unknown}
 m - a potion of haste {unknown}
 o - a potion of heal wounds {unknown}
Books
 c - a book of Maledictions

   Spells                             Type                      Level
   a - Corona                         Hexes                        1
   b - Ensorcelled Hibernation        Hexes/Ice                    2
   c - Confuse                        Hexes                        3
   d - Tukima's Dance                 Hexes                        3
   e - Dazzling Spray                 Conjuration/Hexes            3
Comestibles
 d - 2 bread rations
 j - a royal jelly


   Skills:
 + Level 0.7 Fighting
 + Level 1.9 Short Blades
 + Level 3.8 Dodging
 + Level 4.6 Stealth
 + Level 3.4 Spellcasting
 + Level 4.3 Hexes
 + Level 0.4 Ice Magic


You had 6 spell levels left.
You knew the following spells:

 Your Spells              Type           Power        Failure   Level  Hunger
a - Corona                Hex            ###....      3%          1    None
b - Ensorcelled Hibernat  Hex/Ice        ##....       12%         2    ##.....


Dungeon Overview and Level Annotations

Branches:
Dungeon (2/15)

Altars:
Ashenzari
Okawaru


Innate Abilities, Weirdness & Mutations

You are very small and have problems with some larger weapons.
You are too small for most types of armour.
You have supernaturally acute eyesight. (SInv)
You are a herbivore.
You cover ground extremely quickly.
You need consume almost no food.


Message History

You hit the worm.
The worm is severely wounded.
You hit the worm but do no damage.
The worm is severely wounded.
The worm closely misses you.
You see here 26 stones.
A worm is nearby!
Casting: Ensorcelled Hibernation
Confirm with . or Enter, or press ? or * to list all spells.
Aiming: Ensorcelled Hibernation
Press: ? - help, Shift-Dir - straight line, f/p - worm
Aim: a worm (severely wounded, chance to defeat MR: 50%)
The worm resists with some effort.
You hit the worm but do no damage.
The worm is severely wounded.
The worm closely misses you.
You hit the worm.
The worm is severely wounded.
The worm bites you!
You die...

######### #.......#
#.#####.# #w#
#.####### #@#
#.w<)...# #.#
#.#####.# #
#.#####.# ###.# #
###......)###...####
#...........#.#.##).
#.####.###..P.......
#.# #.###.≈≈.≈≈≈≈..
#.####.##....≈≈≈≈≈≈P
#....#.##P≈≈≈≈≈≈≈≈.≈


You could see a worm.

Vanquished Creatures
  An adder (D:2)
  3 gnolls (D:2)
  A dart slug (D:2)
  A ball python (D:1)
  5 bats
  2 giant cockroaches
  5 hobgoblins
  A jackal (D:2)
  6 frilled lizards (D:1)
  6 goblins
  3 kobolds (D:1)
  6 rats (D:1)
40 creatures vanquished.

Notes
Turn   | Place    | Note
-------+----------+-------------------------------------------
     0 | D:1      | Laan the Spriggan Enchanter began the quest for the Orb.
     0 | D:1      | Reached XP level 1. HP: 9/9 MP: 5/5
    81 | D:1      | Found an iron altar of Okawaru.
   155 | D:1      | Reached XP level 2. HP: 13/13 MP: 6/6
   159 | D:1      | Learned a level 2 spell: Ensorcelled Hibernation
  1178 | D:2      | Reached XP level 3. HP: 13/17 MP: 5/8
  1697 | D:2      | Found a shattered altar of Ashenzari.
  1713 | D:2      | Reached XP level 4. HP: 21/21 MP: 2/10
  1982 | D:2      | Slain by a worm

Vault maps used:
D:1:      dpeg_arrival_radiant, okawaru_ov_weapons_minmay
D:2:      serial_bayou, serial_bayou_pond_b, serial_bayou_lake_a,
          serial_bayou_pond_a, serial_bayou_crossing, ashenzari_altar_1

Skill      XL: |  1  2 |
---------------+-------+-----
Spellcasting   | 3 |  3.4
Hexes          | 4 |  4.3
Fighting       | |  0.7
Short Blades   | |  1.9
Dodging        | |  3.8
Stealth        | |  4.6
Ice Magic      | |  0.4

Action                   |  1- 3 |  4- 6 || total
-------------------------+-------+-------++-------
Melee: Dagger            |    99 |    33 ||   132
 Cast: Ensorcelled Hiber |    22 |     9 ||    31
 Stab: Sleeping          |    19 |     4 ||    23
       Distracted        |     1 |       ||     1
Armor: Robe              |     8 |       ||     8
Dodge: Dodged            |    78 |    17 ||    95
